 Dungeon Crawl Stone Soup version 0.25.1-2-g60ff931df9 (webtiles) character file.

Game seed: 1570745831336442421

53 Kaiern the Digger (level 3, -3/20 HPs)
             Began as a Gargoyle Earth Elementalist on Aug 15, 2020.
             Slain by an orc warrior
             ... wielding a +0 war axe
              (19 damage)
             ... on level 2 of the Dungeon.
             The game lasted 00:09:33 (1423 turns).

Kaiern the Digger (Gargoyle Earth Elementalist)     Turns: 1423, Time: 00:09:33

Health: -3/20      AC:  6    Str: 11    XL:     3   Next: 89%
Magic:  6/6        EV: 12    Int: 16    God:
Gold:   44         SH:  0    Dex: 10    Spells: 6/7 levels left

rFire    . . .     SeeInvis .   j - +0 mace
rCold    . . .     Gourm    .   (no shield)
rNeg     + . .     Faith    .   c - +0 robe
rPois    ∞         Spirit   .   (no helmet)
rElec    +         Reflect  .   (no cloak)
rCorr    .         Harm     .   f - +0 pair of gloves
MR       .....                  (no boots)
Stlth    ++........             (no amulet)
HPRegen  0.06/turn              (no ring)
MPRegen  0.10/turn              (no ring)

@: no status effects
A: negative energy resistance 1, electricity resistance, unbreathing,
petrification resistance, rot immunity, AC +3
a: no special abilities


You were on level 2 of the Dungeon.
You were not hungry.

You visited 1 branch of the dungeon, and saw 2 of its levels.

You collected 44 gold pieces.

Inventory:

Hand Weapons
 i - a +0 hunting sling
 j - a +0 mace (weapon)
Missiles
 b - 7 stones (quivered)
Armour
 c - a +0 robe (worn)
 f - a +0 pair of gloves (worn)
Scrolls
 h - 2 scrolls of identify {unknown}
 k - a scroll of magic mapping {unknown}
 l - a scroll of amnesia {unknown}
 n - a scroll of enchant weapon {unknown}
Potions
 a - a potion of curing {unknown}
 e - a potion of flight {unknown}
 m - 3 potions of lignification {unknown}
 o - a potion of degeneration {unknown}
 p - a potion of might {unknown}
Comestibles
 d - 3 rations


   Skills:
 + Level 1.4 Fighting
 - Level 1.6 Dodging
 + Level 2.9 Stealth
 + Level 2.5 Spellcasting
   Level 0.7 Transmutations
 + Level 4.3 Earth Magic


You had 6 spell levels left.
You knew the following spells:

 Your Spells              Type           Power        Failure   Level  Hunger
a - Sandblast             Erth           ###...       3%          1    #......

Your spell library contained the following spells:

 Spells                   Type           Power        Failure   Level  Hunger
 Passwall                 Tmut/Erth      ##......     11%         2    ##.....
 Stone Arrow              Conj/Erth      #.....       24%         3    ###....
 Petrify                  Tmut/Erth      ##......     56%         4    #####..
 Lee's Rapid Deconstruct  Erth           ###.......   67%         5    ######.


Dungeon Overview and Level Annotations

Branches:
Dungeon (2/15)

Altars:


Innate Abilities, Weirdness & Mutations

You are resistant to torment.
Your stone body is resilient. (AC +3)
You are immune to poison.
You resist negative energy. (rN+)
You are resistant to electric shocks. (rElec)
You can survive without breathing.
You are immune to petrification.
You are immune to rotting.


Message History

An orc warrior comes into view. It is wielding a +0 war axe.
The ball python bites you but does no damage.
The ball python misses you.
The orc warrior shouts!
You hit the ball python.
You kill the ball python!
An orc comes into view. It is wielding a +0 hand axe.
You see here a scroll labeled LINNIEKHIE.
You hit the hobgoblin.
You kill the hobgoblin!
You hit the hobgoblin.
You kill the hobgoblin!
You barely miss the orc. The orc misses you.
You thump the orc!
You kill the orc!
The orc warrior hits you with a +0 war axe.
You hit the orc warrior but do no damage.
The orc warrior hits you with a +0 war axe!!
Ouch! That really hurt!
You die...

#.#.# #.#.. #. #.#.) ..
#.#.. ####.######.#.#
########## .#..#......#.#
oo.o..†..# ..##........#
######.######.#.....#####
.......oo@...#.#.###.# #
###..##.####.......#.# #
#. ...# #####.#.#.# #
##.#### #.#.#.# # #
#.#.#.# # #.#.#.# #
#.#)..# # #.#########
#..........


You could see an orc warrior and an orc.

Vanquished Creatures
  2 oozes
  A leopard gecko (D:1)
  An orc (D:2)
  7 bats
  A giant cockroach (D:1)
  4 goblins
  8 hobgoblins
  3 jackals (D:1)
  4 kobolds (D:1)
  2 ball pythons
  A frilled lizard (D:1)
  3 rats (D:1)
37 creatures vanquished.

Notes
Turn   | Place    | Note
-------+----------+-------------------------------------------
     0 | D:1      | Kaiern the Gargoyle Earth Elementalist began the quest for
                  | the Orb.
     0 | D:1      | Reached XP level 1. HP: 10/10 MP: 3/3
   257 | D:1      | Reached skill level 4 in Earth Magic
   257 | D:1      | Reached XP level 2. HP: 15/15 MP: 3/5
   485 | D:1      | Reached skill level 1 in Fighting
   485 | D:1      | Reached XP level 3. HP: 17/20 MP: 4/6
  1415 | D:2      | Noticed an orc warrior
  1423 | D:2      | Slain by an orc warrior

Illustrated notes

Levels and vault maps discovered:
D:1:      saegor_arrival_under_anarchy, layout_loops_ring,
          roderic_cross_of_infinity, minmay_close_crescents
D:2:      minmay_skewed_foursquare, layout_basic, first_ration,
          grunt_ashenzari_visionary [grunt_ashenzari_visionary_swamp,
          grunt_ashenzari_visionary_snake]

Skill      XL: |  1  2 |
---------------+-------+-----
Earth Magic    | 4 |  4.3
Fighting       | 1 |  1.4
Dodging        | |  1.6
Stealth        | |  2.9
Spellcasting   | |  2.5
Transmutations | |  0.7

Action                   || total
-------------------------++-------
Melee: Mace              ||    65
       Club              ||     1
 Cast: Sandblast         ||    23
 Stab: Sleeping          ||     4
  Eat: Chunk             ||     2
Armor: Robe              ||    29
Dodge: Dodged            ||    60
